 Dungeon Crawl Stone Soup version 0.31.0-1-g2c135a0 (webtiles) character file.

Game seed: 2301501055199594484

3340127 Ultraviolent4 the Conqueror (level 27, 249/249 HPs)
             Began as a Merfolk Berserker on Feb 3, 2024.
             Was a High Priest of the Shining One.
             Escaped with the Orb
             ... and 6 runes on Feb 4, 2024!
             The game lasted 06:00:50 (101776 turns).

Ultraviolent4 the Conqueror (Merfolk Berserker)   Turns: 101776, Time: 06:00:50

Health: 249/249    AC: 43    Str: 32      XL:     27
Magic:  40/40      EV: 22    Int:  6 (7)  God:    the Shining One [*****.]
Gold:   6398       SH: 31    Dex: 20 (21) Spells: 26/26 levels left

rFire   + + .        a - +6 trishula (holy)
rCold   + . .        D - +0 tower shield
rNeg    + + .        B - +7 gold dragon scales
rPois   +            I - +2 helmet {Int+3}
rElec   +            o - +1 cloak {Will+}
rCorr   +            U - +1 pair of gloves
SInv    .            u - +2 pair of boots {rampage}
Will    +++..        b - amulet of reflection Stlth
                     H - ring of Hard Scrabble {rF+ rCorr Dex+2 Slay+4, =R}
HPRegen 0.61/turn    m - ring of Xemegi {Fire +Blink rElec Str+4}
MPRegen 0.27/turn

%: reflection, rampage
@: glowing, studying Translocations
A: (nimble swimmer 2), mertail, iridescent scales 1, agile 1, cold resistance 1,
deformed body, deterioration 1, dopey 1, heat vulnerability 1
0: Orb of Zot
}: 6/15 runes: barnacled, slimy, silver, obsidian, bone, gossamer
a: Renounce Religion, Evoke Blink, Divine Shield, Cleansing Flame, Summon Divine
Warrior


You escaped.
You worshipped the Shining One.
The Shining One was extremely pleased with you.
You visited 15 branches of the dungeon, and saw 71 of its levels.
You visited the Abyss 2 times.
You visited 1 bazaar.
You visited 1 ziggurat, and saw 5 of its levels.
You also visited: Gauntlet.

You collected 12182 gold pieces.
You spent 5784 gold pieces at shops.

Inventory:

Hand Weapons
 a - a +6 trishula of holy wrath (weapon) (the Shining One gifted it to you on level 1 of the Crypt)
Missiles
 q - 7 throwing nets (quivered) {!f}
 Z - 35 silver javelins
Armour
 o - a +1 cloak of willpower (worn)
   (You took it off a draconian shifter on level 1 of the Realm of Zot)
 u - a +2 pair of boots of rampaging (worn)
   (You found it on level 1 of the Lair of Beasts)
 B - +7 gold dragon scales (worn)
   (You found it on level 5 of the Vaults)
 D - a +0 tower shield (worn)
   (You found it on level 3 of the Dungeon)
 I - a +2 helmet of intelligence (worn)
   (You found it on level 10 of the Dungeon)
 U - a +1 pair of gloves (worn)
   (You found it on level 4 of the Lair of Beasts)
Jewellery
 b - an amulet of reflection (around neck)
   (You bought it in a shop on level 1 of the Shoals)
 e - an amulet of faith {!P}
   (You found it on level 4 of the Realm of Zot)
 i - the ring "Awoicvo" {rF+ MP+9}
   (You found it on level 7 of Tartarus)

   [ring of magical power]

   rF+:       It protects you from fire.
   MP+9:      It affects your magic capacity (+9).
 l - the ring "Zowaushi" {Will+ Str+6}
   (You took it off a vault warden on level 5 of the Vaults)

   [ring of strength]

   Str+6:     It affects your strength (+6).
   Will+:     It increases your willpower.
 m - the ring of Xemegi (right hand) {Fire +Blink rElec Str+4}
   (You found it on level 3 of the Vaults)

   [ring of fire]

   Fire:      It enhances your fire magic.
   Str+4:     It affects your strength (+4).
   rF+:       It protects you from fire.
   rC-:       It makes you vulnerable to cold.
   rElec:     It insulates you from electricity.
   +Blink:    It lets you blink.
 y - the ring "Plog" {AC+4 Int+3 Dex+3}
   (You took it off a deep elf sorcerer on level 3 of the Elven Halls)

   [ring of protection]

   AC+4:      It affects your AC (+4).
   Int+3:     It affects your intelligence (+3).
   Dex+3:     It affects your dexterity (+3).
 H - the ring of Hard Scrabble (left hand) {rF+ rCorr Dex+2 Slay+4, =R}
   (You took it off a deep elf annihilator on level 3 of the Elven Halls)

   [ring of slaying]

   Dex+2:     It affects your dexterity (+2).
   Slay+4:    It affects your accuracy & damage with ranged weapons and melee
   (+4).
   rF+:       It protects you from fire.
   rCorr:     It protects you from acid and corrosion.
Wands
 d - a wand of iceblast (23)
   (You found it on level 4 of the Dungeon)
 v - a wand of digging (1)
   (You found it on level 2 of the Spider Nest)
 x - a wand of acid (43)
   (You found it in a Gauntlet)
 E - a wand of charming (75)
   (You found it on level 9 of the Dungeon)
Scrolls
 g - 15 scrolls of vulnerability {!r}
 h - 11 scrolls of immolation {!r}
 k - 9 scrolls of fear
 p - a scroll of blinking
 K - 15 scrolls of teleportation {@r4}
 L - 3 scrolls of butterflies
 R - 2 scrolls of silence
 S - 6 scrolls of revelation
 V - 39 scrolls of identify {@r1}
 X - 13 scrolls of fog
Potions
 c - 3 potions of might
 f - 14 potions of curing {@q1}
 j - 2 potions of haste {@q3}
 t - 3 potions of heal wounds {@q2}
 M - 7 potions of lignification {!q}
 N - 12 potions of attraction {!q}
 O - 6 potions of ambrosia
 P - 2 potions of cancellation
 Q - 8 potions of enlightenment
 T - 3 potions of magic
 Y - 2 potions of resistance
Miscellaneous
 n - a sack of spiders (inert)
   (You found it on level 10 of the Dungeon)
 A - a phial of floods
   (You bought it in a shop on level 1 of the Dungeon)
 F - a phantom mirror
   (You found it on level 3 of the Lair of Beasts)
 W - a lightning rod (4/4) {!a}
   (You found it on level 13 of the Dungeon)


   Skills:
 O Level 27 Fighting
 - Level 14.0 Polearms
 * Level 25.4 Armour
 + Level 24.6 Dodging
 O Level 27 Shields
 O Level 27 Invocations
 - Level 12.0 Evocations


You had 26 spell levels left.
You didn't know any spells.
Your spell library contained the following spells:

 Spells                   Type           Power      Damage    Failure   Level
 Foxfire                  Conj/Fire      0%         2x1d4     95%         1
 Freeze                   Ice            0%         1d3       95%         1
 Kiss of Death            Conj/Necr      0%         2d5       95%         1
 Magic Dart               Conj           0%         1d3       95%         1
 Sandblast                Erth           0%         2d4       95%         1
 Shock                    Conj/Air       0%         1d3       95%         1
 Slow                     Hex            0%         N/A       95%         1
 Summon Small Mammal      Summ           0%         N/A       95%         1
 Blink                    Tloc           0%         N/A       99%         2
 Call Imp                 Summ           0%         N/A       99%         2
 Ensorcelled Hibernation  Hex/Ice        0%         N/A       99%         2
 Jinxbite                 Hex            0%         N/A       99%         2
 Lesser Beckoning         Tloc           0%         N/A       99%         2
 Mercury Vapours          Alch/Air       0%         N/A       99%         2
 Momentum Strike          Conj/Tloc      0%         3d8       99%         2
 Scorch                   Fire           0%         2d5       99%         2
 Static Discharge         Conj/Air       0%         3-3/arc   99%         2
 Sublimation of Blood     Necr           0%         N/A       99%         2
 Call Canine Familiar     Summ           0%         N/A       100%        3
 Confusing Touch          Hex            0%         N/A       100%        3
 Dazzling Flash           Conj/Hex       0%         N/A       100%        3
 Frozen Ramparts          Ice            0%         1d1       100%        3
 Gell's Gravitas          Tloc           0%         N/A       100%        3
 Hailstorm                Conj/Ice       0%         3d5       100%        3
 Inner Flame              Hex/Fire       0%         N/A       100%        3
 Mephitic Cloud           Conj/Alch/Air  0%         N/A       100%        3
 Ozocubu's Armour         Ice            0%         N/A       100%        3
 Passwall                 Erth           0%         N/A       100%        3
 Sigil of Binding         Hex            0%         N/A       100%        3
 Stone Arrow              Conj/Erth      0%         3d7       100%        3
 Summon Ice Beast         Ice/Summ       0%         N/A       100%        3
 Swiftness                Air            0%         N/A       100%        3
 Teleport Other           Tloc           0%         N/A       100%        3
 Tukima's Dance           Hex            0%         N/A       100%        3
 Vampiric Draining        Necr           0%         2d6       100%        3
 Volatile Blastmotes      Fire/Tloc      0%         2d10      100%        3
 Airstrike                Air            0%         2d(0-16)  100%        4
 Animate Armour           Summ/Erth      0%         N/A       100%        4
 Brom's Barrelling Bould  Conj/Erth      0%         2d3       100%        4
 Cause Fear               Hex            0%         N/A       100%        4
 Dimensional Bullseye     Hex/Tloc       0%         N/A       100%        4
 Dispel Undead            Necr           0%         3d6       100%        4
 Flame Wave               Conj/Fire      0%         2d4       100%        4
 Fulminant Prism          Conj/Alch      0%         3d5       100%        4
 Ignite Poison            Fire/Alch      0%         N/A       100%        4
 Iskenderun's Mystic Bla  Conj/Tloc      0%         2d3       100%        4
 Leda's Liquefaction      Alch/Erth      0%         N/A       100%        4
 Manifold Assault         Tloc           0%         N/A       100%        4
 Martyr's Knell           Necr/Summ      0%         N/A       100%        4
 Passage of Golubria      Tloc           0%         N/A       100%        4
 Petrify                  Alch/Erth      0%         N/A       100%        4
 Sticky Flame             Fire/Alch      0%         2d4       100%        4
 Summon Blazeheart Golem  Fire/Summ      0%         N/A       100%        4
 Summon Lightning Spire   Summ/Air       0%         N/A       100%        4
 Vhi's Electric Charge    Tloc/Air       0%         N/A       100%        4
 Alistair's Intoxication  Alch           0%         N/A       100%        5
 Borgnjor's Vile Clutch   Necr/Erth      0%         N/A       100%        5
 Curse of Agony           Necr           0%         N/A       100%        5
 Fireball                 Conj/Fire      0%         3d3       100%        5
 Freezing Cloud           Conj/Ice/Air   0%         6-21      100%        5
 Irradiate                Conj/Alch      0%         3d11      100%        5
 Iskenderun's Battlesphe  Conj           0%         2d6       100%        5
 Lee's Rapid Deconstruct  Erth           0%         3d4*      100%        5
 Metabolic Englaciation   Hex/Ice        0%         N/A       100%        5
 Silence                  Hex/Air        0%         N/A       100%        5
 Summon Forest            Summ/Tloc      0%         N/A       100%        5
 Summon Mana Viper        Hex/Summ       0%         N/A       100%        5
 Yara's Violent Unravell  Hex/Alch       0%         3d3       100%        5
 Bombard                  Conj/Erth      0%         9d1       100%        6
 Conjure Ball Lightning   Conj/Air       0%         3x3d6     100%        6
 Dispersal                Tloc           0%         N/A       100%        6
 Eringya's Noxious Bog    Alch           0%         4d6       100%        6
 Plasma Beam              Fire/Air       0%         2x1d10    100%        6
 Sculpt Simulacrum        Ice/Alch       0%         N/A       100%        6
 Starburst                Conj/Fire      0%         6d3       100%        6
 Summon Cactus Giant      Summ           0%         N/A       100%        6
 Haunt                    Necr/Summ      0%         N/A       100%        7
 Monstrous Menagerie      Summ           0%         N/A       100%        7
 Orb of Destruction       Conj           0%         9d5       100%        7
 Spellforged Servitor     Conj/Summ      0%         N/A       100%        7
 Summon Hydra             Summ           0%         N/A       100%        7
 Disjunction              Tloc           0%         N/A       100%        8
 Ignition                 Fire           0%         3d3       100%        8
 Lehudib's Crystal Spear  Conj/Erth      0%         10d2      100%        8
 Dragon's Call            Summ           0%         N/A       100%        9
 Fire Storm               Conj/Fire      0%         5d1       100%        9


Dungeon Overview and Level Annotations

Branches:
Dungeon (15/15)            Temple (0/1) D:4            Lair (5/5) D:11
 Shoals (4/4) Lair:3       Spider (4/4) Lair:3        Slime (5/5) Lair:4
    Orc (2/2) D:11            Elf (3/3) Orc:2        Vaults (5/5) D:13
  Crypt (3/3) Vaults:3       Tomb (1/3) Crypt:3      Depths (4/4) D:15
   Hell (visited)             Dis (0/7) Hell            Geh (7/7) Hell
    Coc (0/7) Hell            Tar (7/7) Hell            Zot (5/5) Depths:4
Gauntlet (visited)

Altars:
Ashenzari
Dithmenos
Elyvilon
Gozag
Hepliaklqana
Kikubaaqudgha
Makhleb
Okawaru
Ru
Sif Muna
Trog
Uskayaw
Vehumet
Wu Jian
Xom
Yredelemnul
Zin
The Shining One
Jiyva

Shops:
D:1 *   D:11 ([   D:15 *   Orc:2 **[(   Elf:1 :   Elf:3 *   Shoals:1 ===(
Shoals:2 *   Vaults:3 [   Vaults:4 ((   Vaults:5 ?!

Portals:
Hell: Lair:5 Depths:1 Depths:2 Depths:3 Depths:4
Abyss: Depths:1 Depths:3
Pandemonium: Depths:2

Annotations:
D:1 2 transporters
Orc:2 exclusion: upstairs
Elf:3 2 exclusions
Depths:2 3 runed translucent doors
Tar:5 1 exclusion


Innate Abilities, Weirdness & Mutations

((You are very nimble when in or above water. (Stealth+, EV+, Speed+++)))
Your lower body shifts to a powerful aquatic tail in water.
You are partially covered in iridescent scales. (AC +2)
You are agile. (Dex +4, Str/Int -1)
Your flesh is cold resistant. (rC+)
Armour fits poorly on your strangely shaped body.
Your body sometimes deteriorates upon taking damage.
You are dopey. (Int -2)
You are vulnerable to heat. (rF-)


Message History

You climb upwards.
There is a stone staircase leading down here.
There is a stone staircase leading up here.
You climb upwards.
There is a stone staircase leading down here.
You pick up a There-And-Back Book and begin reading...
Unfortunately, you learned nothing new.
There is a stone staircase leading up here.
You climb upwards.
There is a stone staircase leading down here.
A smoke demon comes into view.
You hit the smoke demon.
The smoke demon convulses.
You impale the smoke demon!!
The smoke demon convulses!!
You kill the smoke demon!
The Shining One accepts your kill.
No target in view!
No target in view!
Things that are here:
a +0 scale mail; a +0 dagger
Things that are here:
a +0 robe; a +0 dagger; a +0 short sword
There is a stone staircase leading up here.
You climb upwards.
There is a stone staircase leading down, spattered with blood here.
You see here a +0 hand axe.
There is a stone staircase leading up here.
You climb upwards.
There is a stone staircase leading down here.
There is a stone staircase leading up here.
You climb upwards.
Level annotation: 2 transporters
There is a stone staircase leading down here.
Your legs become a tail as you enter the water.
Your +2 pair of boots of rampaging melds into your body.
You no longer feel able to rampage towards enemies.
Your +2 pair of boots of rampaging unmelds from your body.
You feel ready to rampage towards enemies.
An Orb Guardian comes into view.
There is a staircase leading out of the dungeon here.
You reach to attack!
You impale the Orb Guardian!! You puncture the Orb Guardian!
You impale the Orb Guardian!! You block the Orb Guardian's attack.
You impale the Orb Guardian!!
You kill the Orb Guardian!
No target in view!
No target in view!
You reach into the sack... ...and things crawl out!
The sack is emptied!
The sack of spiders is presently inert.
Okay, then.
You have escaped!

########≈≈≈~.~~≈≈≈≈#
###....... #≈≈~...~≈≈≈≈##
#.....>. #≈~.©>©.~≈≈≈~#
#####...... #≈~~.⌠.~≈≈≈≈≈#
#..........
#≈≈≈~~~≈≈≈≈≈≈###..........
#~≈≈≈≈≈≈≈≈≈≈≈~##..........
##~≈≈≈≈~~~~~≈≈##..........
#≈≈≈≈≈~.s.~≈≈##..........
#≈≈≈≈~.s@s.~≈##.......)..
##≈≈≈≈~.s.~≈≈##.######...
#≈≈≈≈~~.~≈≈≈##.# #...
#≈≈≈≈≈≈≈.≈≈≈##.# ####
##~≈≈≈≈.≈≈≈≈##.#
##~~~.~~≈~###.#
####.........# ###########


You could see a friendly tarantella (summoned) and 3 friendly redbacks.

Vanquished Creatures
  Asmodeus (Geh:7)
  the Royal Jelly (Slime:5)
  the Serpent of Hell (Geh:7)
  6 dread liches
  6 ancient liches
  5 orbs of fire
  Vv (Zot:3)
  6 Killer Klowns
  The ghost of Emnejil the Slayer, a master VSBe of Trog (Zot:4)
  The ghost of Hali the Executioner, a veteran FoFi of Dithmenos (Crypt:1)
  6 curse toes
  Geryon (Hell)
  9 golden dragons
  36 bone dragons
  7 profane servitors
  26 doom hounds
  2 electric golems (Zot:5)
  22 Tzitzimimeh
  6 Brimstone Fiends
  A shard shrike zombie (Crypt:3)
  18 hellephants
  A spectral shard shrike (Tar:4)
  15 tainted leviathans
  15 tentacled monstrosities
  4 liches
  Grunn (Depths:4)
  3 deep elf blademasters
  25 Orb Guardians
  22 acid blobs
  10 sphinxes
  12 quicksilver dragons
  Frances (Elf:1)
  2 deep elf master archers (Elf:3)
  A walking frostbound tome (Depths:2)
  5 titans
  28 searing wretches
  8 Executioners
  12 tentacled starspawn
  13 death cobs
  The ghost of iishen the Markscentaur, an adept CeHu of Okawaru (Spider:4)
  7 ancient champions
  5 tengu reavers
  20 storm dragons
  6 shadow dragons
  11 rockslimes
  A fenstrider witch (Zig:4)
  2 revenants
  The ghost of Caerwyn the Spry, an adept KoBe of Trog (Lair:3)
  10 azure jellies
  3 draconian monks
  18 fire giants
  9 frost giants
  11 draconian knights
  3 deep elf sorcerers (Elf:3)
  9 draconian scorchers
  9 draconian shifters
  5 spectral juggernauts
  4 protean progenitors
  10 emperor scorpions
  3 iron dragons
  15 vault wardens
  11 ghost moths
  2 spectral caustic shrikes (Tar:1)
  A caustic shrike zombie (Hell)
  23 balrugs
  3 deep elf elementalists
  18 ghouls
  3 juggernaut zombies
  2 cacodemons
  4 curse skulls
  5 draconian stormcallers
  2 spriggan defenders
  11 draconian annihilators
  19 very ugly things
  21 reapers
  An angel (Abyss:5)
  A caustic shrike skeleton (Depths:3)
  3 orc warlords
  2 broodmothers
  11 quicksilver oozes
  17 ironbound preservers
  The ghost of frustrationSimulator the Summoner, an adept SpSu of Hepliaklqana (Shoals:1)
  11 formless jellyfish
  10 green draconians
  4 ironbound thunderhulks
  37 stone giants
  7 deep elf death magi
  7 vampire knights
  An eleionoma (Zig:4)
  12 black draconians
  27 putrid mouths
  29 purple draconians
  10 white draconians
  6 spark wasps
  3 lorocyprocas
  3 deep elf demonologists (Elf:3)
  A spectral titan (Tar:1)
  9 deep elf annihilators
  11 yellow draconians
  A minotaur (Gauntlet)
  11 red draconians
  8 war gargoyles
  A bunyip (Zot:3)
  10 dire elephants
  6 blizzard demons
  24 starcursed masses
  22 eidola
  8 merfolk impalers
  2 crystal guardians
  2 mummy priests
  6 ettins
  8 merfolk javelineers (Shoals:4)
  2 green deaths
  7 fire dragons
  Snorg (Orc:1)
  10 jiangshi
  Josephine (D:11)
  5 spectral spriggans
  11 spriggan zombies
  15 great orbs of eyes
  11 salamander tyrants
  10 yaktaur captains
  6 deep elf high priests
  29 vault guards
  Fannar (Lair:3)
  3 rakshasas
  3 entropy weavers (Spider:2)
  A catoblepas (D:13)
  3 hydras
  7 peacekeepers
  2 sphinx zombies
  5 ice dragons
  A spriggan air mage (Depths:4)
  5 ironbound frosthearts
  12 two-headed ogres
  2 ogre magi
  8 stokers
  4 radroaches
  15 centaur warriors
  A merfolk avatar (Shoals:3)
  5 boulder beetles
  7 death scarabs (Spider:4)
  A satyr (Shoals:4)
  5 merfolk aquamancers
  6 death knights
  21 dancing weapons
  A naga warrior (Vaults:2)
  6 deep troll shamans
  7 tengu warriors
  Urug (D:13)
  10 vampire magi
  4 titan zombies
  12 death yaks
  5 occultists
  6 soul eaters
  7 demonic crawlers
  55 hell hogs
  A spectral emperor scorpion (Spider:4)
  3 spriggan berserkers
  9 deep troll earth magi
  16 sun demons
  A storm dragon zombie (D:15)
  3 orc high priests (Orc:2)
  9 thrashing horrors
  34 skeletal warriors
  3 skysharks
  19 hell knights
  A salamander mystic (Depths:3)
  19 deep elf knights
  A titan skeleton (Crypt:1)
  A cyclops (shapeshifter) (Vaults:5)
  A spectral catoblepas (Lair:3)
  20 shadow wraiths
  A storm dragon skeleton (Depths:2)
  2 spectral anacondas
  5 sixfirhies
  3 spectral death yaks (Lair:3)
  2 goliath frogs (Zot:3)
  8 iron trolls
  2 anaconda zombies
  10 wretched stars
  An iron giant skeleton (Crypt:1)
  3 cherubim
  5 pharaoh ants
  A spatial maelstrom (Abyss:5)
  A glowing orange brain (shapeshifter) (Depths:4)
  A shadow demon (D:8)
  52 deep trolls
  5 flayed ghosts
  22 large abominations
  6 sea snakes
  An orb spider (Spider:3)
  2 bunyip zombies (Crypt:3)
  13 deep elf archers
  A spectral hydra (Tar:7)
  4 arcanists
  An orange crystal statue (Gauntlet)
  A spectral iron dragon (Tar:3)
  A bog body (Crypt:2)
  2 sun moths
  A shadow dragon zombie (Crypt:3)
  22 ironbound convokers
  A spectral wolf spider (Spider:4)
  Pikel (D:6)
  11 orc knights
  26 deep elf zephyrmancers
  A sun moth (shapeshifter) (Vaults:5)
  3 glowing orange brains
  27 deep elf pyromancers
  9 steelbarb worms
  30 phantasmal warriors
  2 alligator zombies
  An obsidian statue (Zot:5)
  A sea snake (shapeshifter) (Vaults:5)
  12 necromancers
  A steelbarb worm (shapeshifter) (Elf:3)
  2 frost giant zombies
  28 ugly things
  A broodmother zombie (Spider:4)
  12 harpies
  11 lindwurms
  An iron dragon zombie (Crypt:3)
  5 orc sorcerers
  A human zombie (Vaults:4)
  An anaconda skeleton (Tomb:1)
  19 wolf spiders
  4 oklob plants
  3 salamanders (Depths:3)
  9 fauns
  5 shining eyes
  4 kobold blastminers
  An iron dragon skeleton (Crypt:2)
  13 manticores
  24 moths of wrath
  23 cyclopes
  2 meliai
  A spectral alligator snapping turtle (Tar:1)
  A worldbinder (Abyss:5)
  3 black mambas
  15 vault sentinels
  11 elephants
  A will-o-the-wisp (Abyss:3)
  An ice statue (Gauntlet)
  6 merfolk sirens
  8 rust devils (Hell)
  5 molten gargoyles
  11 smoke demons
  2 water nymphs (Shoals:1)
  7 orange demons
  A stone giant skeleton (Vaults:4)
  An apocalypse crab (Abyss:5)
  18 cane toads
  3 gargoyles
  7 torpor snails
  An eye of devastation (shapeshifter) (Depths:3)
  2 eyes of devastation (Slime:5)
  11 hellions
  2 spectral redbacks (Spider:4)
  12 freezing wraiths
  4 rime drakes
  A sea snake zombie (Hell)
  An anaconda simulacrum (Hell)
  3 ice devils
  2 unseen horrors (D:11)
  4 spectral nagas
  19 tormentors
  2 efreet (Abyss:4)
  29 yaktaurs
  A death yak skeleton (Crypt:1)
  A kobold demonologist (Abyss:4)
  12 komodo dragons
  3 spectral harpies
  19 merfolk
  9 tengu conjurers
  10 trolls
  3 guardian mummies
  A queen bee (shapeshifter) (Elf:3)
  2 red devils (Lair:5)
  10 polar bears
  8 ancient zymes
  A hydra zombie (Hell)
  A silent spectre (Tar:1)
  2 wind drakes
  4 spectral jumping spiders (Spider:4)
  26 tarantellas
  2 hellwings
  A shadow dragon simulacrum (Vaults:4)
  2 hornets (Depths:2)
  28 raiju
  A spectral dream sheep (Lair:3)
  A harpy skeleton (Abyss:3)
  A spectral culicivora (Spider:4)
  19 blink frogs
  4 glass eyes
  3 jumping spider zombies (Spider:4)
  A slime creature (shapeshifter) (Vaults:5)
  4 spectral tarantellas (Spider:4)
  An ice dragon zombie (Crypt:2)
  14 dream sheep
  7 snapping turtles
  An ettin zombie (Hell)
  3 air elementals
  2 centaur simulacra (D:10)
  18 water elementals
  2 spriggans (Depths:2)
  A vampire (D:9)
  6 ynoxinuls
  An ettin skeleton (Depths:2)
  16 jumping spiders
  11 small abominations
  4 wyverns
  24 culicivoras
  A wyvern (shapeshifter) (Elf:3)
  A naga simulacrum (Crypt:2)
  86 slime creatures
  6 ushabtiu
  A dire elephant simulacrum (Hell)
  A spriggan skeleton (D:15)
  3 fire elementals (Elf:2)
  19 wraiths
  A hog (shapeshifter) (Vaults:5)
  3 fire bats (Depths:3)
  A redback (shapeshifter) (Vaults:5)
  3 wargs
  A wind drake zombie (Crypt:1)
  5 basilisks
  6 neqoxecs (Abyss:5)
  47 yaks
  A golden eye (shapeshifter) (Abyss:3)
  A basilisk (shapeshifter) (D:15)
  A yak (shapeshifter) (Elf:1)
  A tyrant leech zombie (Crypt:2)
  49 redbacks
  9 vampire mosquitoes
  2 chaos spawn (Abyss:5)
  2 glowing shapeshifter zombies
  A skyshark zombie (Crypt:1)
  Edmund (D:4)
  A harpy simulacrum (Abyss:5)
  A spatial vortex (Abyss:5)
  2 naga zombies (Crypt:3)
  3 acid dragons
  15 water moccasins
  A naga skeleton (Hell)
  10 hell hounds
  A deep troll skeleton (Crypt:1)
  An ice beast (D:6)
  25 orc warriors
  A sky beast (D:7)
  A swamp drake (Orc:1)
  19 ogres
  12 black bears
  7 boggarts (Vaults:3)
  A swamp dragon zombie (Crypt:3)
  39 laughing skulls
  An ogre (shapeshifter) (Abyss:3)
  15 wolves
  A swamp dragon skeleton (Crypt:2)
  20 centaurs
  A phantom (Crypt:3)
  4 weeping skulls
  4 kobold brigands
  3 brain worms (Abyss:5)
  A rime drake zombie (Crypt:1)
  16 bullfrogs
  3 earth elementals
  17 necrophages
  3 gnoll sergeants
  2 scorpions (D:6)
  A warg skeleton (Crypt:1)
  13 wights
  9 wyvern skeletons (Crypt:3)
  25 killer bees
  A raiju zombie (Crypt:1)
  A troll skeleton (Crypt:2)
  12 howler monkeys
  An electric eel (Lair:4)
  2 bombardier beetles
  A crimson imp (Orc:1)
  3 jellies
  A komodo dragon simulacrum (Lair:3)
  26 orc priests
  A bullfrog skeleton (Crypt:2)
  2 gnoll boudas (D:6)
  5 hounds (D:6)
  An iron imp (Orc:1)
  A basilisk skeleton (Crypt:2)
  3 iguanas
  Terence (D:2)
  3 sleepcaps
  38 orc wizards
  7 hell rats (Lair:5)
  6 mummies
  22 gnolls
  A howler monkey skeleton (Crypt:2)
  8 adders
  3 shadow imps
  2 white imps
  5 ufetubi
  An iguana zombie (Crypt:2)
  A ribbon worm (D:2)
  4 dart slugs
  109 orcs
  7 bats
  9 endoplasms
  3 goblins
  13 hobgoblins
  2 jackals (D:5)
  6 quokkas
  3 ball pythons
  4 frilled lizards
  17 kobolds
  A quokka zombie (Crypt:2)
  4 rats
  An aspiring flesh (Zot:3)
  4 creeping infernos
  6 fire vortices
  A lurking horror (Abyss:3)
  6 starspawn tentacles
3294 creatures vanquished.

Vanquished Creatures (collateral kills)
  Ereshkigal (Tar:7)
  A dread lich (Tar:7)
  An ancient lich (Geh:2)
  2 orbs of fire (Zot:5)
  2 Killer Klowns (Zot:5)
  Margery (Vaults:2)
  4 bone dragons (Tar:7)
  A Tzitzimitl (Tar:6)
  A hellephant (Geh:2)
  An iron giant (Zig:5)
  A tentacled monstrosity (Vaults:5)
  An Orb Guardian (Zot:5)
  2 Hell Sentinels (Zig:5)
  8 tainted leviathans
  3 acid blobs (Slime:5)
  A tentacled starspawn (Abyss:5)
  A tengu reaver (Vaults:3)
  2 storm dragons
  A frost giant (Vaults:3)
  An azure jelly (Slime:5)
  A draconian scorcher (Zot:3)
  A draconian knight (Zot:5)
  A deep elf sorcerer (Abyss:5)
  A vault warden (Vaults:3)
  A ghost moth (Spider:2)
  An angel (Shoals:4)
  The ghost of Dirphi Vium the Fighter, a journeyman MiBe of Trog (D:13)
  A deep elf elementalist (Elf:3)
  An orc warlord (Orc:1)
  An ironbound thunderhulk (Vaults:2)
  A reaper (Hell)
  2 ironbound preservers
  3 putrid mouths
  A deep elf death mage (Elf:1)
  A purple draconian (Abyss:5)
  A red draconian (Zot:5)
  A white draconian (Zot:4)
  3 eidola (Tar:7)
  A merfolk impaler (Shoals:4)
  A spectral quicksilver dragon (Tar:6)
  An iron golem (Zig:5)
  2 yaktaur captains
  4 slime creatures
  A great orb of eyes (Slime:5)
  A hydra (Lair:2)
  A salamander tyrant (Geh:7)
  A jorogumo (Spider:3)
  A merfolk aquamancer (Shoals:4)
  6 dancing weapons
  2 demonic crawlers (Spider:2)
  3 hell hogs
  2 thrashing horrors (Abyss:5)
  A titan zombie (Hell)
  A wretched star (Abyss:5)
  A skeletal warrior (D:14)
  2 deep elf knights (Elf:2)
  A death drake (shapeshifter) (D:14)
  A shadow wraith (Tar:7)
  A sun moth (Spider:3)
  A deep elf pyromancer (Elf:2)
  An orange crystal statue (Crypt:1)
  A tengu zombie (Hell)
  2 ironbound convokers (Vaults:3)
  An obsidian statue (Zot:5)
  A frost giant zombie (Hell)
  An orc sorcerer (Orc:1)
  A shining eye (shapeshifter) (D:13)
  A stone giant zombie (Hell)
  A wolf spider (Spider:2)
  A worldbinder (Abyss:5)
  An alligator skeleton (Hell)
  2 large abominations (Abyss:5)
  An ice statue (Hell)
  A guardian serpent (Abyss:5)
  2 torpor snails (Spider:2)
  A rust devil (Hell)
  2 vault sentinels
  A smoke demon (Abyss:5)
  A kobold demonologist (Abyss:5)
  A sea snake zombie (Hell)
  An anaconda simulacrum (Hell)
  A yaktaur (Vaults:3)
  A hydra zombie (Hell)
  A tarantella (Spider:2)
  6 raiju (Abyss:5)
  A jumping spider (Spider:2)
  A ynoxinul (Abyss:5)
  3 starcursed masses
  2 neqoxecs (Abyss:5)
  A naga skeleton (Abyss:5)
  3 orc warriors (Orc:1)
  A laughing skull (Abyss:5)
  A small abomination (Abyss:5)
  A centaur (D:13)
  2 kobold brigands (Abyss:5)
  An orc priest (Orc:1)
  An orc (Orc:1)
  A kobold (Abyss:5)
  A creeping inferno (Geh:7)
  2 fire vortices (Geh:7)
  3 lurking horrors
154 creatures vanquished.

Vanquished Creatures (others)
  A golden dragon (Zot:3)
  A hellephant (Geh:7)
  A sphinx (Vaults:5)
  Donald (Spider:3)
  A draconian scorcher (Zot:4)
  A deep elf elementalist (Elf:3)
  A draconian annihilator (Zot:4)
  2 ironbound preservers
  A bunyip (Zig:4)
  An ettin (Vaults:5)
  A merfolk impaler (Shoals:4)
  A merfolk aquamancer (Shoals:4)
  A merfolk avatar (Shoals:4)
  3 dancing weapons (Elf:2)
  4 deep elf knights
  3 deep trolls
  A sea snake (shapeshifter) (Elf:3)
  A deep elf pyromancer (Elf:1)
  A deep elf zephyrmancer (Elf:3)
  A necromancer (Vaults:2)
  An ugly thing (Zot:1)
  A cyclops (Abyss:5)
  A bloated husk (Zig:4)
  A wind drake (Shoals:4)
  A tarantella (Spider:3)
  A jumping spider (Spider:3)
  A wraith (Crypt:1)
  A golden eye (Abyss:4)
  An ogre (Vaults:5)
  A small abomination (Abyss:5)
  A tengu (shapeshifter) (Elf:2)
  An orc priest (Orc:2)
  3 orc wizards
  A shadow imp (Orc:1)
  2 ufetubi
  4 orcs (Orc:1)
  4 creeping infernos
  3 foxfires (Abyss:3)
  3 lurking horrors
  30 starspawn tentacles
90 creatures vanquished.

Grand Total: 3538 creatures vanquished

Notes
Turn   | Place    | Note
-------+----------+-------------------------------------------
     0 | D:1      | Ultraviolent4 the Merfolk Berserker began the quest for the
                  | Orb.
     0 | D:1      | Reached XP level 1. HP: 18/18 MP: 1/1
   131 | D:1      | Reached XP level 2. HP: 24/24 MP: 2/2
   150 | D:1      | Found Mesiticw's General Store.
   378 | D:1      | Reached XP level 3. HP: 29/29 MP: 3/3
   536 | D:1      | Bought a potion of heal wounds for 65 gold pieces
   593 | D:1      | Reached ** piety under Trog
   935 | D:2      | Found a faded altar of an unknown god.
  1030 | D:2      | Noticed Terence
  1066 | D:2      | Killed Terence
  1067 | D:2      | Reached skill level 5 in Polearms
  1067 | D:2      | Reached XP level 4. HP: 37/37 MP: 4/4
  1464 | D:2      | Found a bloodstained altar of Trog.
  1662 | D:1      | Bought a scroll of teleportation for 39 gold pieces
  1874 | D:3      | Reached XP level 5. HP: 42/42 MP: 5/5
  1895 | D:3      | Found an ancient bone altar of Kikubaaqudgha.
  1929 | D:3      | Found a sacrificial altar of Ru.
  1964 | D:3      | Found a bloodstained altar of Trog.
  1970 | D:3      | stay positive :)
  2131 | D:3      | Found a shadowy altar of Dithmenos.
  2223 | D:3      | Found an iron altar of Okawaru.
  2317 | D:4      | Reached skill level 1 in Shields
  2430 | D:4      | Reached XP level 6. HP: 43/49 MP: 6/6
  2499 | D:4      | Found a radiant altar of Vehumet.
  3225 | D:4      | Found a hazy altar of Hepliaklqana.
  3230 | D:4      | Reached skill level 5 in Fighting
  3231 | D:4      | Noticed Edmund
  3242 | D:4      | Killed Edmund
  3243 | D:4      | Reached XP level 7. HP: 56/56 MP: 7/7
  3696 | D:4      | Found a staircase to the Ecumenical Temple.
  3832 | D:5      | Entered Level 5 of the Dungeon
  4927 | D:6      | Reached XP level 8. HP: 64/64 MP: 8/8
  5213 | D:6      | Reached skill level 10 in Polearms
  5530 | D:6      | Reached *** piety under Trog
  5611 | D:6      | Reached XP level 9. HP: 28/71 MP: 9/9
  5818 | D:6      | Reached skill level 5 in Shields
  6156 | D:6      | Found a hide-covered altar of Uskayaw.
  6433 | D:7      | Noticed Pikel
  6456 | D:6      | Killed Pikel
  6603 | D:1      | Bought a throwing net for 39 gold pieces
  7145 | D:7      | Reached XP level 10. HP: 77/80 MP: 10/10
  7272 | D:1      | Bought a phial of floods for 520 gold pieces
  7407 | D:7      | Found an ornate altar of the Wu Jian Council.
  7649 | D:7      | Found a shimmering blue altar of Sif Muna.
  7855 | D:7      | Found a white marble altar of Elyvilon.
  8347 | D:8      | Reached **** piety under Trog
  8663 | D:8      | Found a burning altar of Makhleb.
  8682 | D:8      | Reached skill level 1 in Evocations
  8782 | D:9      | Noticed a two-headed ogre
  8788 | D:9      | Killed a two-headed ogre
  9364 | D:9      | Reached skill level 10 in Fighting
  9371 | D:9      | Reached skill level 5 in Dodging
  9371 | D:9      | Reached XP level 11. HP: 79/90 MP: 11/11
  9944 | D:10     | Entered Level 10 of the Dungeon
 10040 | D:10     | Identified the +1 quarterstaff of Nutyzies {pain, rElec
                  | Str+2 Dex+6}
 10040 | D:10     | Noticed a skeletal warrior
 10070 | D:10     | Killed a skeletal warrior
 10234 | D:10     | Noticed a manticore
 10249 | D:10     | Killed a manticore
 10459 | D:10     | Noticed a white ugly thing
 10469 | D:10     | Killed a white ugly thing
 10575 | D:10     | Noticed an ogre mage
 10614 | D:10     | Noticed a deep elf pyromancer
 10628 | D:10     | Killed a deep elf pyromancer
 10742 | D:10     | Identified the +1 robe of Enlus {rC+}
 10798 | D:10     | Noticed an orc knight
 10823 | D:10     | Killed an orc knight
 10929 | D:10     | Found a broken altar of Ashenzari.
 11335 | D:10     | Found a shimmering altar of Xom.
 11426 | D:10     | Noticed a two-headed ogre
 11435 | D:10     | Killed a two-headed ogre
 11436 | D:10     | Reached skill level 5 in Evocations
 11719 | D:11     | Found a staircase to the Lair.
 11719 | D:11     | Noticed an oklob plant
 11903 | D:11     | Reached XP level 12. HP: 102/102 MP: 12/12
 12152 | D:11     | Noticed Josephine
 12162 | D:11     | Killed Josephine
 12404 | D:11     | Found Dazub's Armour Boutique.
 12404 | D:11     | Found a staircase to the Orcish Mines.
 12404 | D:11     | Found Qukigi's Weapon Boutique.
 12552 | D:11     | Noticed a two-headed ogre
 12564 | D:11     | Killed a two-headed ogre
 13575 | Lair:1   | Entered Level 1 of the Lair of Beasts
 14397 | Lair:1   | Noticed a seven-headed hydra
 14404 | Lair:1   | Killed a seven-headed hydra
 14523 | Lair:1   | Found a hazy altar of Hepliaklqana.
 14686 | Lair:1   | Found an opulent altar of Gozag.
 14758 | Lair:1   | Found a transporter.
 14759 | Lair:1   | Found a transporter.
 14759 | Lair:1   | Noticed a boulder beetle
 14902 | Lair:2   | Noticed a death yak
 15054 | Lair:2   | Reached XP level 13. HP: 102/111 MP: 13/13
 15125 | Lair:2   | Reached skill level 10 in Shields
 15205 | Lair:2   | Reached ***** piety under Trog
 15221 | Lair:2   | Reached skill level 5 in Armour
 15462 | Lair:2   | Identified the +5 long sword of the Well-Known Xeniums
                  | {flame, Dex+6}
 15921 | Lair:1   | Reached skill level 10 in Dodging
 16790 | Lair:3   | Noticed Fannar
 16804 | Lair:3   | Killed Fannar
 17239 | Lair:3   | Found a hole to the Spider Nest.
 17376 | Lair:3   | Found a staircase to the Shoals.
 17543 | Lair:3   | Found a runed translucent gate.
 17752 | Lair:3   | Found a runed translucent gate.
 17752 | Lair:3   | Found a runed translucent gate.
 18090 | Lair:3   | Noticed Caerwyn's ghost (adept KoBe)
 18344 | Lair:4   | Reached XP level 14. HP: 111/113 MP: 14/14
 18684 | Lair:4   | Reached skill level 15 in Fighting
 18694 | Lair:4   | Identified the +12 demon trident of Cokkelui {heavy, Str-5
                  | Dex+4} (Trog gifted it to you on level 4 of the Lair of
                  | Beasts)
 18694 | Lair:4   | Received a gift from Trog
 19065 | Lair:4   | Found a viscous altar of Jiyva.
 19324 | Lair:5   | Entered Level 5 of the Lair of Beasts
 20037 | Lair:5   | Received a gift from Trog
 20044 | Lair:5   | Noticed a dire elephant
 20050 | Lair:5   | Killed a dire elephant
 20502 | Lair:5   | Found a burning altar of Makhleb.
 20797 | Lair:5   | Found a gateway to Hell.
 21062 | Orc:1    | Entered Level 1 of the Orcish Mines
 21239 | Orc:2    | Entered Level 2 of the Orcish Mines
 21509 | Orc:2    | Reached skill level 10 in Armour
 21848 | Orc:1    | Noticed an orc warlord
 21882 | Orc:2    | Found a staircase to the Elven Halls.
 22031 | Orc:1    | Reached XP level 15. HP: 130/131 MP: 15/15
 22064 | Orc:1    | Killed an orc warlord
 22072 | Orc:1    | Received a gift from Trog
 22459 | Orc:1    | Noticed Snorg
 22478 | Orc:1    | Killed Snorg
 23139 | Orc:2    | Received a gift from Trog
 23481 | Orc:2    | Found Suxufu Zuuru's Assorted Antiques.
 23481 | Orc:2    | Found Seoprofrao's Assorted Antiques.
 23483 | Orc:2    | Found Ceidal's Armour Emporium.
 23483 | Orc:2    | Found Jily Mebisi's Weapon Shop.
 23489 | Orc:2    | Bought a scroll labelled WADWARH JAWO for 24 gold pieces
 23590 | Orc:2    | Bought a scroll of identify for 48 gold pieces
 23590 | Orc:2    | Bought a scroll of identify for 48 gold pieces
 23590 | Orc:2    | Bought a wand of iceblast (5) for 288 gold pieces
 23594 | Orc:2    | Bought +2 swamp dragon scales for 1054 gold pieces
 23730 | D:12     | Found a gate leading to a gauntlet.
 23754 | Gauntlet | Entered a Gauntlet
 23754 | Gauntlet | Found a runed translucent gate.
 23754 | Gauntlet | Found a transporter.
 23754 | Gauntlet | Found a runed translucent gate.
 23754 | Gauntlet | Found a runed translucent gate.
 23815 | Gauntlet | Found a transporter.
 23817 | Gauntlet | Found a transporter.
 23826 | Gauntlet | Found a runed translucent door.
 23828 | Gauntlet | Found a transporter.
 23830 | Gauntlet | Found a transporter.
 23841 | Gauntlet | Found a transporter.
 23860 | Gauntlet | Found a transporter.
 23872 | Gauntlet | Found a transporter.
 23882 | Gauntlet | Found a transporter.
 23901 | Gauntlet | Found a transporter.
 23915 | Gauntlet | Found a transporter.
 23915 | Gauntlet | Found a transporter.
 23963 | Gauntlet | Found a transporter.
 23984 | Gauntlet | Found a transporter.
 24211 | Gauntlet | Identified the +0 pair of gloves of the Final Violins {rC+
                  | rN+ Will- Int+2}
 24844 | D:13     | Noticed Urug
 24862 | D:13     | Killed Urug
 24939 | D:13     | Found a gate to the Vaults.
 25031 | D:13     | Gained mutation: Armour fits poorly on your strangely
                  | shaped body. [a shining eye]
 25183 | D:13     | Found a runed translucent door.
 25183 | D:13     | Found a shimmering altar of Xom.
 25183 | D:13     | Noticed Dirphi Vium's ghost (journeyman MiBe)
 25787 | D:13     | Killed Dirphi Vium's ghost
 26455 | D:14     | Reached XP level 16. HP: 141/141 MP: 16/16
 26732 | D:14     | Found a basalt altar of Yredelemnul.
 26942 | D:15     | Entered Level 15 of the Dungeon
 26956 | D:15     | Reached skill level 10 in Evocations
 27188 | D:15     | Found a staircase to the Depths.
 27192 | D:15     | Received a gift from Trog
 27431 | D:15     | Found Laonaon's Changing Room.
 27724 | D:15     | Identified the +4 long sword of the Bouncing Ziggurats
                  | {freeze, ^Fragile rPois SInv}
 27781 | D:15     | Found a glowing golden altar of the Shining One.
 27947 | Elf:1    | Entered Level 1 of the Elven Halls
 27951 | Elf:1    | Noticed Frances
 28126 | Elf:1    | Killed Frances
 28406 | Elf:1    | Found Gagego's Book Boutique.
 30597 | Elf:2    | Paralysed by an air elemental for 1 turns
 30599 | Elf:2    | Reached XP level 17. HP: 120/150 MP: 17/17
 31080 | Elf:2    | Found a runed translucent gate.
 31080 | Elf:2    | Found a runed translucent gate.
 31124 | Elf:2    | Found a runed translucent gate.
 31143 | Elf:2    | Noticed a deep elf blademaster
 31150 | Elf:2    | Killed a deep elf blademaster
 31165 | Elf:2    | Received a gift from Trog
 31205 | Elf:2    | Lost mutation: Armour fits poorly on your strangely shaped
                  | body. [potion of mutation]
 31205 | Elf:2    | Gained mutation: Your magical capacity is low. (-10% MP)
                  | [potion of mutation]
 31205 | Elf:2    | Gained mutation: You are partially covered in iridescent
                  | scales. (AC +2) [potion of mutation]
 31205 | Elf:2    | Gained mutation: You are agile. (Dex +4, Str/Int -1)
                  | [potion of mutation]
 31205 | Elf:2    | Gained mutation: You have sharp fingernails. [potion of
                  | mutation]
 32153 | Spider:1 | Entered Level 1 of the Spider Nest
 32270 | Spider:1 | Reached skill level 15 in Dodging
 32500 | Spider:1 | You fall into a shaft and drop 1 floor!
 32831 | Spider:1 | Identified the +3 leather armour of Inference {rN+ Dex+2}
 33773 | Spider:2 | Reached skill level 15 in Shields
 33792 | Spider:2 | Reached XP level 18. HP: 110/160 MP: 1/16
 33948 | Spider:2 | Identified the +2 dagger of Hiac {venom, Fly rF+ rN+ Dex+3}
 34037 | Spider:2 | Received a gift from Trog
 34962 | Spider:3 | Identified the +0 scale mail "Xalasma" {Rampage rF+ Dex-3}
 35254 | Spider:3 | Noticed Donald
 35275 | Spider:3 | Killed Donald
 35418 | Spider:4 | Entered Level 4 of the Spider Nest
 35820 | Spider:4 | Received a gift from Trog
 36146 | Spider:4 | Found a runed translucent door.
 36204 | Spider:4 | Noticed iishen's ghost (adept CeHu)
 37015 | Spider:4 | Reached XP level 19. HP: 169/170 MP: 17/17
 37084 | Spider:4 | Identified the +4 trident "Zalesch" {antimagic, rElec Dex-4
                  | SInv} (Trog gifted it to you on level 4 of the Spider Nest)
 37084 | Spider:4 | Received a gift from Trog
 37143 | Spider:4 | Got a gossamer rune of Zot
 37251 | Spider:4 | Killed iishen's ghost
 37332 | Shoals:1 | Entered Level 1 of the Shoals
 37332 | Shoals:1 | Found Ytrexykh's Jewellery Shoppe.
 37349 | Shoals:1 | Bought an amulet of reflection for 510 gold pieces
 37507 | Shoals:1 | Found Suhec's Weapon Shop.
 37508 | Shoals:1 | Found Lylou's Armour Shop.
 37771 | Shoals:1 | Found Depsis's Jewellery Shoppe.
 37784 | Shoals:1 | Bought a +4 ring of protection for 576 gold pieces
 37885 | Shoals:1 | You fall into a shaft and drop 1 floor!
 37985 | Shoals:1 | Found Zulaoc's Jewellery Emporium.
 38104 | Shoals:1 | Found a runed translucent door.
 38104 | Shoals:1 | Noticed frustrationSimulator's ghost (adept SpSu)
 38642 | Shoals:2 | Found Ysaykhaczi's Assorted Antiques.
 38965 | Shoals:3 | Identified the +5 quick blade of a ziggurat {flame, rF+
                  | Str+3 SInv} (Trog gifted it to you on level 3 of the
                  | Shoals)
 38965 | Shoals:3 | Received a gift from Trog
 39151 | Shoals:3 | Found Juefi's Vocational Training.
 39794 | Shoals:4 | Entered Level 4 of the Shoals
 39982 | Shoals:4 | Found a glowing silver altar of Zin.
 40257 | Shoals:4 | Got a barnacled rune of Zot
 40480 | Shoals:4 | Found a white marble altar of Elyvilon.
 40708 | Shoals:4 | Identified the +6 dagger of Severance {speed, rF- Str+2
                  | Int+2 Dex+6}
 40875 | Shoals:4 | Found a glowing golden altar of the Shining One.
 40897 | Shoals:4 | Identified the +5 rapier "Leulugui" {drain, rElec rCorr
                  | SInv Stlth-}
 41443 | Elf:3    | Entered Level 3 of the Elven Halls
 41864 | Elf:3    | Paralysed by an air elemental for 1 turns
 42078 | Elf:3    | Reached XP level 20. HP: 164/164 MP: 18/18
 42193 | Elf:3    | Found Vuusib's CLEARANCE SALE!.
 42200 | Elf:3    | Bought a potion of heal wounds for 20 gold pieces
 42375 | Elf:3    | Received a gift from Trog
 42757 | Elf:3    | Identified the +3 leather armour of Uluylait {Int+3 Stlth+}
 42771 | Elf:3    | Noticed a Brimstone Fiend
 42812 | Elf:3    | Identified the +7 flail "Uttotyru" {drain, rElec rCorr
                  | Str+2}
 43201 | Elf:3    | Identified the +1 morningstar "Ceirchye" {freeze, Will+
                  | Int+4 Dex-2}
 43335 | Elf:3    | Identified the +4 hand axe of True Grit {holy, rElec rN+++
                  | Will- Int+3}
 43540 | Elf:3    | Noticed a Tzitzimitl
 43701 | Elf:3    | Identified the ring "Plog" {AC+4 Int+3 Dex+3}
 44238 | Elf:3    | Identified the staff "X" {rF+ rC+ Ice}
 44382 | Elf:3    | Identified the +11 orcbow of Spite {freeze, rC+}
 44424 | Elf:3    | Identified the ring of Hard Scrabble {rF+ rCorr Dex+2
                  | Slay+4}
 44725 | Vaults:1 | Entered Level 1 of the Vaults
 44780 | Vaults:1 | Found a flickering gateway to a bazaar.
 44794 | Bazaar   | Entered a bazaar
 44847 | Bazaar   | Found Sipi's Assorted Antiques.
 44863 | Bazaar   | Found Xexoluh's Magic Scroll Shop.
 44875 | Bazaar   | Found Bicwyuta's Book Boutique.
 44907 | Bazaar   | Found Isi Dezu's Distillery.
 44925 | Bazaar   | Bought a potion of haste for 120 gold pieces
 44925 | Bazaar   | Bought a potion of curing for 36 gold pieces
 44925 | Bazaar   | Bought a potion of cancellation for 96 gold pieces
 44937 | Bazaar   | Bought a scroll of fear for 52 gold pieces
 44937 | Bazaar   | Bought a scroll of fear for 52 gold pieces
 44937 | Bazaar   | Bought a scroll of poison for 52 gold pieces
 44937 | Bazaar   | Bought a scroll of teleportation for 39 gold pieces
 44937 | Bazaar   | Bought a scroll of poison for 52 gold pieces
 44949 | Bazaar   | Bought a potion of curing for 84 gold pieces
 44949 | Bazaar   | Bought a wand of charming (6) for 403 gold pieces
 44949 | Bazaar   | Bought a wand of charming (5) for 336 gold pieces
 46371 | Vaults:2 | Reached XP level 21. HP: 189/190 MP: 18/18
 46617 | Vaults:2 | Received a gift from Trog
 47251 | Vaults:2 | Noticed Margery
 47299 | Vaults:2 | Killed Margery
 48124 | Vaults:3 | Found Kayb's Armour Boutique.
 48559 | Vaults:3 | Found a staircase to the Crypt.
 48965 | Vaults:3 | Received a gift from Trog
 49676 | Vaults:3 | Found a transporter.
 49717 | Vaults:3 | Found a transporter.
 50031 | Vaults:4 | Reached XP level 22. HP: 202/202 MP: 19/19
 50233 | Vaults:4 | Found Qeemamos's Weapon Boutique.
 50289 | Vaults:4 | Found Oschuyzow's Antique Weapon Emporium.
 50666 | Vaults:4 | Got the Vellum of the Fairies
 50687 | Vaults:4 | Received a gift from Trog
 51664 | Lair:3   | Killed Caerwyn's ghost
 51740 | Lair:4   | Found a staircase to the Slime Pits.
 51991 | Slime:1  | Entered Level 1 of the Pits of Slime
 52093 | Lair:4   | Paralysed by a formless jellyfish for 1 turns
 52210 | Slime:2  | Reached ****** piety under Trog
 52226 | Slime:2  | Received a gift from Trog
 52777 | Slime:5  | Entered Level 5 of the Pits of Slime
 52916 | Slime:5  | Noticed the Royal Jelly
 52960 | Slime:5  | Killed the Royal Jelly
 52961 | Slime:5  | Reached skill level 15 in Armour
 52969 | Slime:5  | Identified the +5 trident of Magnificence {heavy, rPois}
                  | (Trog gifted it to you on level 5 of the Pits of Slime)
 52969 | Slime:5  | Received a gift from Trog
 53531 | Slime:5  | Found the +7 captain's cutlass {speed, disarm}
 53587 | Slime:5  | Reached XP level 23. HP: 211/213 MP: 20/20
 53634 | Slime:5  | Got the Almanac of Flammable Substances
 53678 | Slime:5  | Identified the +1 leather armour of Sunlight {Regen+ Dex+3}
 53682 | Slime:5  | Got a slimy rune of Zot
 53735 | Slime:5  | Identified the +11 battleaxe of Tortfeasance {flame,
                  | *Corrode rF+ rC+}
 53880 | Slime:5  | Gained mutation: Your muscles are strong. (Str +4, Int/Dex
                  | -1) [a shining eye]
 54551 | Vaults:5 | Entered Level 5 of the Vaults
 54564 | Vaults:5 | Identified the ring "Zowaushi" {Will+ Str+6}
 54696 | Vaults:5 | well that sucks
 54756 | Vaults:5 | Received a gift from Trog
 54759 | Vaults:5 | Noticed an ancient lich
 54940 | Vaults:5 | Identified the +0 pair of boots of the Trout {Str+6 Dex-5
                  | Stlth+}
 55044 | Vaults:5 | Got a silver rune of Zot
 55209 | Vaults:5 | Noticed a dread lich
 55240 | Vaults:5 | Killed a dread lich
 55278 | Vaults:5 | Killed an ancient lich
 55400 | Abyss:3  | Cast into level 3 of the Abyss (vault warden)
 56276 | Abyss:3  | Found a corrupted altar of Lugonu.
 56294 | Abyss:3  | Reached XP level 24. HP: 167/200 MP: 20/20
 56332 | Abyss:3  | Found a corrupted altar of Lugonu.
 56661 | Abyss:4  | Found a corrupted altar of Lugonu.
 56711 | Abyss:4  | Found a corrupted altar of Lugonu.
 56726 | Abyss:4  | Found a corrupted altar of Lugonu.
 56735 | Abyss:4  | Received a gift from Trog
 56801 | Abyss:4  | Found a corrupted altar of Lugonu.
 56886 | Abyss:4  | Found a corrupted altar of Lugonu.
 57243 | Vaults:5 | Escaped the Abyss
 57286 | Vaults:5 | Identified the +9 long sword of a bailey {vamp, Int+3
                  | Dex+3}
 57839 | Vaults:5 | Found Ferus's Magic Scroll Shoppe.
 57849 | Vaults:5 | Bought a scroll of blinking for 112 gold pieces
 57849 | Vaults:5 | Bought a scroll of teleportation for 45 gold pieces
 57849 | Vaults:5 | Bought a scroll of teleportation for 45 gold pieces
 57849 | Vaults:5 | Bought a scroll of enchant armour for 112 gold pieces
 58190 | Vaults:5 | Identified the +8 morningstar "Esetuf" {protect, rPois rN+
                  | Will- rCorr Dex+3}
 58190 | Vaults:5 | Identified the ring of Incredulity {rPois rCorr Str+4}
 58195 | Vaults:5 | Identified the +6 halberd of Awinlot {flame, Dex+5}
 58195 | Vaults:5 | Identified the ring of Xuniha {^Contam rF+ rC+ Dex+3}
 58415 | D:15     | Fell from the grace of Trog
 58415 | D:15     | Became a worshipper of the Shining One
 58609 | Vaults:5 | Reached skill level 27 in Fighting
 58610 | Vaults:5 | Reached skill level 1 in Invocations
 58745 | Vaults:5 | Found Nuffa's Distillery.
 58754 | Vaults:5 | Bought a potion of heal wounds for 60 gold pieces
 58754 | Vaults:5 | Bought a potion of cancellation for 96 gold pieces
 58754 | Vaults:5 | Bought a potion of curing for 36 gold pieces
 58754 | Vaults:5 | Bought a potion of curing for 36 gold pieces
 58754 | Vaults:5 | Bought a potion of might for 48 gold pieces
 59033 | Vaults:5 | Got the Treatise on Gathered Kinetic Energy
 59034 | Vaults:5 | Identified the +7 chain mail "Jyrhy" {Dex+4}
 59046 | Vaults:5 | Got the Volume of Fulgurant Glamour
 59048 | Vaults:5 | Got Ofruig's Incunabulum of Turbulent Glaciation
 59151 | Vaults:5 | Identified the +10 hand axe of Ichi Soi {elec, rC+ Will+
                  | Int+2 SInv}
 59155 | Vaults:5 | Identified the staff "With Two Names" {rElec Dex+4 Air}
 59179 | Vaults:5 | Identified the +6 spear of Amorality {vamp, Str-2 Dex+6
                  | Stlth+}
 59327 | Vaults:5 | Bought a scroll of revelation for 112 gold pieces
 59616 | Shoals:1 | Bought a ring of willpower for 425 gold pieces
 59869 | Crypt:1  | Entered Level 1 of the Crypt
 59912 | Crypt:1  | Reached * piety under the Shining One
 60021 | Crypt:2  | Reached ** piety under the Shining One
 60548 | Crypt:2  | Reached *** piety under the Shining One
 60556 | Crypt:2  | Reached skill level 5 in Invocations
 60598 | Crypt:2  | Reached **** piety under the Shining One
 60662 | Crypt:2  | Reached ***** piety under the Shining One
 60801 | Crypt:2  | Reached XP level 25. HP: 234/234 MP: 25/25
 60907 | Crypt:1  | Noticed an ancient lich
 60909 | Crypt:1  | Noticed Hali's ghost (veteran FoFi)
 60915 | Crypt:1  | Found a transporter.
 60987 | Crypt:1  | Found a transporter.
 61057 | Crypt:1  | Reached ****** piety under the Shining One
 61526 | Crypt:1  | Identified a +2 trishula of holy wrath (a +0 trishula of
                  | holy wrath blessed by the Shining One)
 61526 | Crypt:1  | Received a gift from the Shining One
 62116 | Crypt:2  | Found an ancient bone altar of Kikubaaqudgha.
 62539 | Crypt:3  | Entered Level 3 of the Crypt
 62783 | Crypt:3  | Reached skill level 10 in Invocations
 63577 | Crypt:3  | Found a staircase to the Tomb.
 63950 | Crypt:3  | Found a basalt altar of Yredelemnul.
 64314 | Crypt:3  | Identified the +4 ring mail of Resilience {Harm +Blink
                  | Will- Stlth-}
 64372 | Crypt:3  | Identified the +4 long sword "Oheipurch" {freeze, Str+5
                  | Dex+2}
 64648 | Vaults:2 | Gained mutation: You do not regenerate when monsters are
                  | visible. [mutagenic glow]
 64689 | Abyss:5  | Cast into level 5 of the Abyss (unwielding a weapon of
                  | distortion)
 64694 | Abyss:5  | Gained mutation: Your health recovers twice as slowly from
                  | being drained. [mutagenic glow]
 64697 | Abyss:5  | Found a corrupted altar of Lugonu.
 64708 | Abyss:5  | Gained mutation: Your body sometimes deteriorates upon
                  | taking damage. [mutagenic glow]
 64717 | Abyss:5  | Gained mutation: Your magical capacity is very low. (-20%
                  | MP) [mutagenic glow]
 64734 | Abyss:5  | Noticed an ancient lich
 64746 | Abyss:5  | Noticed an ancient lich
 64758 | Abyss:5  | Killed an ancient lich
 64833 | Abyss:5  | Lost mutation: You are agile. (Dex +4, Str/Int -1) [potion
                  | of mutation]
 64833 | Abyss:5  | Lost mutation: Your muscles are strong. (Str +4, Int/Dex
                  | -1) [potion of mutation]
 64833 | Abyss:5  | Lost mutation: Your magical capacity is very low. (-20% MP)
                  | [potion of mutation]
 64833 | Abyss:5  | Gained mutation: You are frail. (-10% HP) [potion of
                  | mutation]
 64834 | Abyss:5  | Lost mutation: Your health recovers twice as slowly from
                  | being drained. [potion of mutation]
 64834 | Abyss:5  | Lost mutation: Your magical capacity is low. (-10% MP)
                  | [potion of mutation]
 64834 | Abyss:5  | Gained mutation: You possess an exceptional clarity of
                  | mind. [potion of mutation]
 64835 | Abyss:5  | Lost mutation: You possess an exceptional clarity of mind.
                  | [potion of mutation]
 64835 | Abyss:5  | Lost mutation: You have sharp fingernails. [potion of
                  | mutation]
 64835 | Abyss:5  | Gained mutation: You are mostly covered in iridescent
                  | scales. (AC +4) [potion of mutation]
 64835 | Abyss:5  | Lost mutation: You are frail. (-10% HP) [potion of
                  | mutation]
 64836 | Abyss:5  | Lost mutation: You are mostly covered in iridescent scales.
                  | (AC +4) [potion of mutation]
 64836 | Abyss:5  | Lost mutation: You do not regenerate when monsters are
                  | visible. [potion of mutation]
 64836 | Abyss:5  | Gained mutation: You are agile. (Dex +4, Str/Int -1)
                  | [potion of mutation]
 64836 | Abyss:5  | Gained mutation: You occasionally lose the ability to read
                  | scrolls when taking damage. [potion of mutation]
 64878 | Abyss:5  | Noticed an ancient lich
 64893 | Abyss:5  | Killed an ancient lich
 64929 | Abyss:5  | Lost mutation: You are partially covered in iridescent
                  | scales. (AC +2) [a neqoxec]
 65061 | Abyss:5  | Reached XP level 26. HP: 163/242 MP: 33/33
 65254 | Abyss:5  | Reached skill level 15 in Invocations
 65257 | Vaults:2 | Escaped the Abyss
 65872 | D:1      | Bought a potion of mutation for 104 gold pieces
 65872 | D:1      | Lost mutation: Your body sometimes deteriorates upon taking
                  | damage. [potion of mutation]
 65872 | D:1      | Lost mutation: You are agile. (Dex +4, Str/Int -1) [potion
                  | of mutation]
 65872 | D:1      | Lost mutation: You occasionally lose the ability to read
                  | scrolls when taking damage. [potion of mutation]
 65872 | D:1      | Gained mutation: You are partially covered in iridescent
                  | scales. (AC +2) [potion of mutation]
 65872 | D:1      | Gained mutation: You passively dampen the noise of your
                  | surroundings. [potion of mutation]
 65872 | D:1      | Gained mutation: You are weak. (Str -2) [potion of
                  | mutation]
 66289 | Vaults:3 | here goes nothing
 66464 | Vaults:3 | Identified the ring of Xemegi {Fire +Blink rElec Str+4}
 66483 | Vaults:3 | Identified the amulet of Liberty {Acrobat +Inv Str+4}
 66816 | Hell     | Entered the Vestibule of Hell
 66817 | Hell     | Noticed Geryon
 66832 | Hell     | Killed Geryon
 67084 | Hell     | Found a gateway to the ashen valley of Gehenna.
 67206 | Hell     | Found a gateway to the decaying netherworld of Tartarus.
 67314 | Hell     | Found a gateway to the Iron City of Dis.
 67360 | Hell     | Found a gateway to the freezing wastes of Cocytus.
 67516 | Geh:1    | Entered Level 1 of Gehenna
 67962 | Geh:2    | Noticed an ancient lich
 67969 | Geh:2    | Killed an ancient lich
 68745 | Geh:3    | Reached XP level 27. HP: 232/233 MP: 36/36
 68819 | Geh:3    | Paralysed by Trog for 7 turns
 70003 | Geh:6    | Noticed a dread lich
 70037 | Geh:6    | Killed a dread lich
 70340 | Geh:7    | Entered Level 7 of Gehenna
 70383 | Geh:7    | Noticed an ancient lich
 70392 | Geh:7    | Killed an ancient lich
 70447 | Geh:7    | Was forgiven by Trog
 70673 | Geh:7    | Noticed the Serpent of Hell
 70715 | Geh:7    | Was placed under penance by the Shining One
 70736 | Geh:7    | Killed the Serpent of Hell
 71682 | Shoals:1 | Killed frustrationSimulator's ghost
 72034 | Crypt:1  | Killed Hali's ghost
 72067 | Crypt:1  | Killed an ancient lich
 72644 | Crypt:3  | Found a basalt altar of Yredelemnul.
 73059 | Crypt:3  | Found a staircase to the Tomb.
 73292 | Tomb:1   | Entered Level 1 of the Tomb of the Ancients
 73447 | Tomb:1   | Paralysed by a sphinx for 4 turns
 73831 | Tomb:1   | Was forgiven by the Shining One
 75852 | Geh:7    | Found the +13 sceptre of Asmodeus
 75852 | Geh:7    | Noticed Asmodeus
 75879 | Geh:7    | Killed Asmodeus
 76108 | Geh:7    | Got an obsidian rune of Zot
 76268 | Tar:1    | Entered Level 1 of Tartarus
 77699 | Tar:3    | Noticed a dread lich
 77704 | Tar:3    | Killed a dread lich
 81163 | Tar:6    | Reached skill level 27 in Invocations
 81653 | Tar:7    | Entered Level 7 of Tartarus
 82783 | Tar:7    | Identified the +5 dire flail of War {protect, *Slow Int+5
                  | Dex+6}
 82840 | Tar:7    | Noticed a dread lich
 82852 | Tar:7    | Killed a dread lich
 82894 | Tar:7    | Noticed Ereshkigal
 82898 | Tar:7    | Identified the +5 tower shield of Resourcefulness {rF+
                  | Will+ Str+8 Dex-3}
 82908 | Tar:7    | Killed Ereshkigal
 82916 | Tar:7    | Noticed a dread lich
 82939 | Tar:7    | Killed a dread lich
 83325 | Tar:7    | Identified the -1 pair of gloves of Mametsui {rF++ Will-
                  | Dex+8}
 83703 | Tar:7    | Got a bone rune of Zot
 84497 | Tar:7    | Got the Octavo of the Cemetery
 84764 | Tar:7    | Noticed a dread lich
 84765 | Tar:7    | Noticed a dread lich
 84773 | Tar:7    | Killed a dread lich
 84776 | Tar:7    | Killed a dread lich
 84836 | Tar:7    | Identified the ring "Awoicvo" {rF+ MP+9}
 84839 | Tar:7    | Identified the +7 great sword of the Original Sin {speed,
                  | +Blink}
 85296 | Depths:1 | Entered Level 1 of the Depths
 85932 | Depths:1 | Found a one-way gate to the infinite horrors of the Abyss.
 86498 | Depths:2 | Found a one-way gate leading to the halls of Pandemonium.
 87822 | Depths:3 | Found the +8 Wrath of Trog {antimagic, *Rage Rampage}
 87966 | Depths:3 | Identified the +2 troll leather armour of Duck's Teeth {rC+
                  | Will+ Regen+ Str-5}
 88630 | Depths:2 | Found a runed translucent door.
 88633 | Depths:2 | Found the +11 plutonium sword {^Contam Stlth-}
 88637 | Depths:2 | Found a runed translucent door.
 88665 | Depths:2 | Found a runed translucent door.
 88665 | Depths:2 | Found a runed translucent door.
 88805 | Depths:2 | Got Fot Zyedd's Codex of Meteoric Kindling
 88813 | Depths:2 | Identified the +5 rapier "Beetlebane" {heavy, rF+}
 88876 | Depths:4 | Entered Level 4 of the Depths
 89067 | Depths:4 | Found a one-way gateway to a ziggurat.
 89240 | Depths:4 | Noticed Grunn
 89256 | Depths:4 | Killed Grunn
 89306 | Depths:4 | Found a gate to the Realm of Zot.
 89837 | Zot:1    | Entered Level 1 of the Realm of Zot
 91383 | Zot:1    | Identified the ring of Ascent {Str+5 SInv}
 92904 | Zot:2    | Reached skill level 27 in Shields
 94172 | Zot:3    | Noticed Vv
 94203 | Zot:3    | Killed Vv
 96103 | Zot:4    | Found a runed translucent door.
 96103 | Zot:4    | Noticed Emnejil's ghost (master VSBe)
 97279 | Zot:4    | Killed Emnejil's ghost
 97303 | Zot:5    | Entered Level 5 of the Realm of Zot
 98005 | Zot:5    | Identified the +0 cloak of the Realm of Zot {Will- Int+5
                  | Dex+3 Slay+2}
 98673 | Zot:5    | Noticed an orb of fire
 98750 | Zot:5    | Noticed an orb of fire
 98757 | Zot:4    | Gained mutation: Your magical capacity is low. (-10% MP)
                  | [an orb of fire]
 98760 | Zot:4    | Gained mutation: You are clumsy. (Dex -2) [an orb of fire]
 98761 | Zot:4    | Killed an orb of fire
 98763 | Zot:5    | Noticed an orb of fire
 98769 | Zot:4    | Gained mutation: Your spells are a little easier to cast,
                  | but a little less powerful. [an orb of fire]
 98775 | Zot:4    | Killed an orb of fire
 98777 | Zot:5    | Gained mutation: Your health recovers twice as slowly from
                  | being drained. [an orb of fire]
 98783 | Zot:4    | Gained mutation: Your magical capacity is very low. (-20%
                  | MP) [an orb of fire]
 98792 | Zot:4    | Gained mutation: You are dopey. (Int -2) [an orb of fire]
 98793 | Zot:4    | Gained mutation: Armour fits poorly on your strangely
                  | shaped body. [an orb of fire]
 98795 | Zot:4    | Killed an orb of fire
 99033 | Zot:5    | Noticed an orb of fire
 99050 | Zot:5    | Gained mutation: You are frail. (-10% HP) [an orb of fire]
 99056 | Zot:5    | Killed an orb of fire
 99079 | Zot:5    | Noticed an orb of fire
 99102 | Zot:5    | Gained mutation: You are very clumsy. (Dex -4) [an orb of
                  | fire]
 99103 | Zot:5    | Killed an orb of fire
 99334 | Zot:5    | Lost mutation: Your magical capacity is very low. (-20% MP)
                  | [potion of mutation]
 99334 | Zot:5    | Lost mutation: Armour fits poorly on your strangely shaped
                  | body. [potion of mutation]
 99334 | Zot:5    | Lost mutation: Your magical capacity is low. (-10% MP)
                  | [potion of mutation]
 99914 | Zot:5    | Noticed an orb of fire
 99918 | Zot:5    | Noticed an orb of fire
 99920 | Zot:5    | Gained mutation: You occasionally lose the ability to read
                  | scrolls when taking damage. [an orb of fire]
 99929 | Zot:5    | how lucky am i lol
 99929 | Zot:5    | here goes lol
 99968 | Zot:4    | not even close LOL
100240 | Zot:5    | Lost mutation: You are very clumsy. (Dex -4) [potion of
                  | mutation]
100240 | Zot:5    | Lost mutation: Your spells are a little easier to cast, but
                  | a little less powerful. [potion of mutation]
100240 | Zot:5    | Lost mutation: You are clumsy. (Dex -2) [potion of
                  | mutation]
100240 | Zot:5    | Gained mutation: You are vulnerable to heat. (rF-) [potion
                  | of mutation]
100240 | Zot:5    | Gained mutation: Your flesh is cold resistant. (rC+)
                  | [potion of mutation]
100241 | Zot:5    | Lost mutation: Your health recovers twice as slowly from
                  | being drained. [potion of mutation]
100241 | Zot:5    | Lost mutation: You passively dampen the noise of your
                  | surroundings. [potion of mutation]
100241 | Zot:5    | Gained mutation: You are strong-willed. (Will+) [potion of
                  | mutation]
100335 | Zig:1    | Entered Level 1 of a ziggurat
100360 | Zig:2    | Entered Level 2 of a ziggurat
100382 | Zig:2    | Got the Folio of Brumal Conflict
100389 | Zig:3    | Entered Level 3 of a ziggurat
100427 | Zig:4    | Entered Level 4 of a ziggurat
100488 | Zig:5    | Entered Level 5 of a ziggurat
100656 | Zig:5    | Lost mutation: You are frail. (-10% HP) [potion of
                  | mutation]
100656 | Zig:5    | Lost mutation: You are weak. (Str -2) [potion of mutation]
100656 | Zig:5    | Lost mutation: You occasionally lose the ability to read
                  | scrolls when taking damage. [potion of mutation]
100656 | Zig:5    | Gained mutation: You are agile. (Dex +4, Str/Int -1)
                  | [potion of mutation]
100656 | Zig:5    | Lost mutation: You are strong-willed. (Will+) [potion of
                  | mutation]
100851 | Zot:5    | Gained mutation: Your body sometimes deteriorates upon
                  | taking damage. [an orb of fire]
100854 | Zot:5    | Gained mutation: Armour fits poorly on your strangely
                  | shaped body. [an orb of fire]
100859 | Zot:5    | Killed an orb of fire
101000 | Zot:5    | Killed an orb of fire
101044 | Zot:5    | Noticed an ancient lich
101047 | Zot:5    | Killed an ancient lich
101275 | Zot:5    | Got the Orb of Zot
101776 | D:$      | Escaped with the Orb!

Illustrated notes ##### ##... #...# #... . #..## ... #...#..... ##### #.@..._.# ....# ##.###...# ....# #..# ## ....# ##..### ....# #.....# ....# #.#....... ....# #.#........ ....#########.########. ...................># Turn 1970 on D:3: stay positive :) #### ....##### . .C......#####.. ............... ..............# .......@.....# ..H..........# #######.......# ##....... #...... ...... ...... ...... Turn 54696 on Vaults:5: well that sucks #.# #.#..... #.# #####.##### #.#..... #.#####.........#####.#..... #.....#.........#.....#..... #####.#..../....#.#####..... #.#.........#.# #..... #.#....©....#.# #.<... #.###########.# #..... #......@......# #..... ######...###### #..... ##### #..... #..... #..).. #.)).. ######'### #......[.. #......... Turn 66289 on Vaults:3: here goes nothing .........▓▓▓ ▓▓▓..py. (..........▓▓ ▓▓q9..... ............▓ ▓▓▓▓▓▓▓▓▓ ▓........ ........^...▓▓▓.......▓▓▓...*..^^ ............▓▓.........▓▓§.....§. ............▓........^..▓X.§...p. ..................0..p......§...q ............▓..........*▓.§....*D ............▓▓..@.^A...▓▓......§. ............▓▓▓^......▓▓▓p^...... ...(........# ▓▓▓▓▓▓▓▓▓ #........ ...........## ##.....d. .........▓## ##▓...d. ......▓▓▓▓ ▓▓▓▓.. ▓▓▓▓▓▓▓▓▓▓# #▓▓▓▓▓▓ ......^.!.### ###...^.. ......##....## ##....##.. Turn 99929 on Zot:5: how lucky am i lol

.........##..#[......#..##...# #
...........##.[......#.......# #
.#...........................# #
##...........................# #
###############...........### #
#.....[......# # ##......>.....##
#
###################..........####
...............#@<#..........^...
...............####..............
..################....)).......##
.## #.............## ##
##.............#
###################..............
..^..............................
.................................
.................................


Turn 99968 on Zot:4: not even close LOL

Levels and vault maps discovered:
D:1:      spicycebolla_arrival_transporter_tutorial, layout_basic, serial_shops,
          nicolae_shop_hallway_stairs
D:2:      cheibrodos_old_hovel, layout_loops_ring, basic_altar,
          ebering_ecumenical_altar_petrified, uniq_terence
D:3:      layout_basic, trog_three_pillars_becter,
          nicolae_overflow_quartered_altars, minmay_crystal_room
D:4:      cheibrodos_pilgrimage, layout_basic, mainiacjoe_overflow_paths,
          vehumet_crystals, minmay_temple_entry_enclosed_plants, uniq_edmund
D:5:      layout_loops_corners
D:6:      kennysheep_housing_project, layout_basic, lemuel_round_altar
D:7:      layout_basic, mainiacjoe_overflow_catwalk,
          mainiacjoe_overflow_alcove_1, hellmonk_sif_muna_bookshelves,
          uniq_pikel
D:8:      layout_rooms, bloody_makhleb, serial_co_window_serial,
          co_window_paths_b, co_window_corner_a, co_window_of_opportunity_a,
          co_window_paths_b, co_window_paths_b, co_window_of_opportunity_a,
          co_window_of_opportunity_b, co_window_2corner, co_window_paths_c,
          co_window_of_opportunity_c, glass_columns_b
D:9:      layout_rooms, corexii_corridor_pit
D:10:     minmay_the_grid_triangle_9x9_recursive_2
          [minmay_the_grid_triangle_9x9_prize_center,
          minmay_the_grid_triangle_9x9_thin_v,
          minmay_the_grid_triangle_9x9_warning,
          minmay_the_grid_triangle_9x9_wacky_v], layout_basic, tgw_xom,
          cheibrodos_ashenzari_chains
D:11:     layout_basic, dpeg_oklobed_lair, orc_david_3, uniq_josephine
D:12:     layout_roguey, gauntlet_entry_generic, kennysheep_generic_room_4
D:13:     layout_irregular_city, hellmonk_vaults_attempted_burglary,
          ebering_ghost_xom, kb_tengu_band, uniq_urug
D:14:     layout_rooms, yredelemnul_altar_generic
D:15:     gammafunk_depths_entry_grave, layout_rooms, serial_bayou_pond_c,
          nicolae_transmutations_shop, nicolae_tso_swordbearing_angel
Lair:1:   gammafunk_boulding_lane, layout_regular_city, basic_altar,
          lemuel_centaur_altar, lemuel_fruit_tree
Lair:2:   layout_gridlike, hangedman_lair_generics_rect, grunt_megastairs_2
Lair:3:   layout_cellular_growth, elwin_shoals_entry_rooms,
          hellmonk_spider_entry_life_and_decay, gammafunk_ghost_necromancy,
          beast_lair_carwin_1, uniq_fannar
Lair:4:   layout_regular_city, minmay_slime_entry_oklob_enclosed,
          nicolae_quartered_pool_little, grunt_forest_large_clearings,
          grunt_megastairs_1, serial_bayou_shore_a
Lair:5:   evil_forest, layout_hall_layers
Shoals:1: layout_shoals, serial_shops, shop, shop, nicolae_shop_back_alley_shop,
          shop, nicolae_shop_tiny_statue_garden, gammafunk_ghost_grave
Shoals:2: layout_shoals, nicolae_take_the_stairs
Shoals:3: cheibrodos_shoals_baths, layout_shoals, nicolae_shop_vocational
Shoals:4: shoals_end_hellmonk_holy_island
Spider:1: nicolae_spider_hall_of_the_moth_king, beargit_elvish_explorers
Spider:2: layout_spider_delve
Spider:3: layout_spider_delve, nicolae_spider_moth_buddies, uniq_donald
Spider:4: floodkiller_spider_rune_tomb, ebering_ghost_reflecting_pool
Slime:1:  layout_caves
Slime:2:  layout_caves, nicolae_slime_round_cave, uniq_dissolution
Slime:3:  layout_caves
Slime:4:  layout_caves
Slime:5:  slime_pit_nicolae_trefoil
Orc:1:    layout_caves, hangedman_minor_magic, uniq_snorg
Orc:2:    grunt_orc_tribal_feast, layout_caves, nicolae_orc_rich_vein
Elf:1:    minmay_elf_arrival_circle, layout_geoelf_grid, serial_shops,
          nicolae_shop_window_shopping, nicolae_elf_crossing_hall, uniq_frances
Elf:2:    nicolae_elf_blades_splatter_lattice [nicolae_blade_lattice],
          layout_geoelf_octagon
Elf:3:    grunt_elf_hall_diamonds, layout_loops_cross, st_stairs_11,
          nicolae_elf_w_pinch, nicolae_shop_clearance
Vaults:1: ontoclasm_vaults_misaligned, nicolae_vaults_ring_of_whatevers,
          ontoclasm_vaults_eye, v_misc_16,
          vaults_standard_mumra_enter_the_diamond,
          nicolae_vaults_little_squares_5, nicolae_vaults_tetromino_Z_1,
          nicolae_vaults_closet_pinwheel_4, vaults_mumra_hexcomb,
          layout_vaults_quadrants, serial_shops, freezing_bzr
Vaults:2: vaults_room_stairs_pillars, nicolae_vaults_twisting_passages,
          ontoclasm_vaults_ring_small, nicolae_vaults_ellipses_ellipsis,
          v_misc_33, nicolae_vaults_double_plus_2, nicolae_vaults_alarming,
          vaults_standard_mumra_lines, nicolae_vaults_branching_niches,
          vaults_room_pools, nicolae_vaults_big_angled_halls,
          nicolae_vaults_trapezoid_lopsided_4, grunt_vaults_diagonal,
          hangedman_vaults_nails, v_misc_13, nicolae_vaults_double_plus_2,
          layout_vaults_omnibox, uniq_margery
Vaults:3: v_misc_23, v_pattern_1, nicolae_vaults_diamond_2,
          gammafunk_dig_for_victory, v_misc_33, nicolae_vaults_wrenched,
          minmay_crypt_entry_simple_box, v_misc_30,
          nicolae_vaults_sesquioval_fish, nicolae_vaults_tetromino_L_2,
          v_rooms_6, nicolae_vaults_house_1, nicolae_vaults_little_squares_1,
          nicolae_vaults_tetromino_T_2, vaults_dpeg_cross,
          layout_vaults_maze_bifur, serial_glass, serial_shops, shop
Vaults:4: v_misc_2, nicolae_vaults_storage_room_glass, nicolae_vaults_six-pack,
          nicolae_vaults_little_squares_3, nicolae_vaults_closet_pinwheel_4,
          vaults_room_hallway, nicolae_vaults_big_ls, vaults_room_corners,
          nicolae_vaults_trapezoid_1, vaults_room_fours,
          nicolae_vaults_security_offices_1, nicolae_vaults_little_squares_2,
          vaults_dpeg_hooks, layout_vaults_omnicross, serial_shops,
          nicolae_shop_rolling_square, shop
Vaults:5
Crypt:1:  statuecave_lemuel, layout_chaotic_city, gammafunk_ghost_arena,
          grunt_crypt_arrival_split, grunt_megastairs_3
Crypt:2:  hangedman_hall_of_fallen_heroes, layout_misc_corridors, basic_altar
Crypt:3:  evilmike_haunted_forest
Tomb:1
Depths:1: layout_roguey, abyss_entry, serial_sigils,
          serial_sigils_hangedman_shear, serial_sigils_hangedman_quiver,
          serial_sigils_hangedman_snap, serial_sigils_hangedman_confine,
          serial_sigils_hangedman_scar, serial_sigils_hangedman_scratch,
          lightli_too_deep, kennysheep_generic_room_5
Depths:2: impenetrable_vault, layout_cave_pools, rand_demon_pan_entry_8,
          grunt_decor_clamped, grunt_hell_entry_dis_mu
Depths:3: kennysheep_four_of_diamonds, layout_basic, abyss_entry, hell_entry
Depths:4: grunt_zot_entry_bicorn, layout_gridville, enter_ziggurat_a,
          hell_entry, minmay_misc_feat_roman, uniq_grunn
Hell
Geh:1:    layout_gehenna_lava_caves
Geh:2:    layout_gehenna_pools_basic
Geh:3:    layout_gehenna_lava_caves
Geh:4:    layout_gehenna_lava_caves
Geh:5:    layout_gehenna_pools_box, nicolae_geh_fiery_graves
          [nicolae_geh_single_fiery_grave, nicolae_geh_single_fiery_grave,
          nicolae_geh_single_fiery_grave, nicolae_geh_single_fiery_grave,
          nicolae_geh_single_fiery_grave, nicolae_geh_single_fiery_grave,
          nicolae_geh_single_fiery_grave, nicolae_geh_single_fiery_grave,
          nicolae_geh_single_fiery_grave]
Geh:6:    layout_gehenna_pools_triple, nicolae_geh_gnashing_of_teeth
Geh:7:    geh_hangedman
Tar:1:    layout_grid_maze, nicolae_tar_cuneiform_bird, evilmike_ambush
          [evilmike_ambush_outer_basic, evilmike_ambush_inner_pond]
Tar:2:    layout_grid_maze
Tar:3:    layout_catacombs, nicolae_tar_combstack
Tar:4:    layout_grid_maze
Tar:5:    layout_catacombs, nicolae_hells_hurtin_island
Tar:6:    layout_grid_maze
Tar:7:    tar_grunt_cathedral
Zot:1:    cheibrodos_zot_enchanting_chambers, layout_basic, bh_zot_ikea_curve
Zot:2:    layout_misc_corridors, grunt_ministairs_12, lemuel_baited_zot_trap
Zot:3:    regret_index_zot_pan_timeshare, layout_basic, uniq_vv
Zot:4:    layout_onion, gammafunk_ghost_grave, regret_index_zotdec_banners,
          lemuel_elevator
Zot:5:    layout_gridlike, bh_zot_levy_curve

Skill      XL: |  1  2  3  4  5  6  7  8  9 10 11 12 13 14 15 16 17 18 19 20 21 22 23 24 25 26 27 |
---------------+----------------------------------------------------------------------------------+-----
Dodging        | 3 4 5 7 9 10 12 13 14 15 16 17 18 24 | 24.6
Polearms       | 5 6 7 9 11 13 14 | 14.0
Fighting       | 4 5 6 8 10 12 13 14 16 17 18 19 20 21 22 23 25 26 27 | 27.0
Shields        | 1 2 3 4 6 7 8 9 10 11 12 13 15 16 17 18 20 21 22 23 24 25 27 | 27.0
Evocations     | 2 5 6 7 8 9 10 11 12 | 12.0
Armour         | 2 4 7 10 11 12 13 14 15 16 25 | 25.4
Invocations    | 7 14 19 27 | 27.0

Action                     |  1- 3 |  4- 6 |  7- 9 | 10-12 | 13-15 | 16-18 | 19-21 | 22-24 | 25-27 || total
---------------------------+-------+-------+-------+-------+-------+-------+-------+-------+-------++-------
  Melee: Spear             |   114 |   229 |       |   769 |   902 |       |       |       |       ||  2014
         Tailslap          |     1 |       |       |     3 |       |    25 |    17 |       |    20 ||    66
         Trident           |       |    74 |   281 |   325 |       |       |       |       |       ||   680
         Demon trident     |       |       |       |       |   740 |  1401 |  1879 |  1837 |       ||  5857
         Trishula          |       |       |       |       |       |       |    14 |   480 |  6336 ||  6830
 Invoke: Berserk           |     1 |     3 |     4 |    17 |     8 |     1 |     1 |       |       ||    35
         Trog's Hand       |       |     8 |     3 |     7 |     5 |     8 |    17 |    22 |       ||    70
         Brothers in Arms  |       |       |       |       |     5 |     8 |     5 |     8 |       ||    26
         Cleansing Flame   |       |       |       |       |       |       |       |     3 |   154 ||   157
         Divine Shield     |       |       |       |       |       |       |       |       |    29 ||    29
         Summon Divine War |       |       |       |       |       |       |       |       |    39 ||    39
         Brand Weapon With |       |       |       |       |       |       |       |       |     1 ||     1
Ability: Evoke Invisibilit |       |       |       |       |     2 |     6 |     6 |       |       ||    14
  Evoke: Phial of floods   |       |       |       |       |     1 |     1 |     1 |       |       ||     3
         Sack of spiders   |       |       |       |       |     1 |       |       |     1 |     1 ||     3
         Lightning rod     |       |       |       |       |       |     3 |    10 |     6 |     6 ||    25
         Wand              |       |       |       |       |       |     3 |     7 |    25 |    33 ||    68
         Phantom mirror    |       |       |       |       |       |       |       |     1 |     1 ||     2
    Use: Scroll            |     4 |     3 |     9 |     3 |    15 |    10 |     7 |    17 |    24 ||    92
         Potion            |       |     2 |       |     1 |     1 |     8 |     2 |    11 |    45 ||    70
   Stab: Distracted        |       |       |     1 |     1 |       |       |     2 |     6 |       ||    10
         Sleeping          |       |       |       |     2 |     5 |     2 |     3 |       |       ||    12
         Invisible         |       |       |       |       |    13 |    28 |    36 |       |       ||    77
 Armour: Animal skin       |    13 |       |       |       |       |       |       |       |       ||    13
         Chain mail        |    28 |   180 |   144 |    40 |       |       |       |       |       ||   392
         Acid dragon scale |       |       |       |   267 |   367 |       |       |       |       ||   634
         Swamp dragon scal |       |       |       |       |    62 |   481 |   305 |   388 |       ||  1236
         Gold dragon scale |       |       |       |       |       |       |       |   100 |  2319 ||  2419
  Dodge: Dodged            |    27 |    57 |    57 |   240 |   517 |  1067 |   488 |   621 |  1052 ||  4126
  Block: Tower shield      |       |   177 |   228 |   713 |  1504 |  1731 |  1567 |  2281 |  5892 || 14093
         Reflection        |       |       |       |       |       |       |   157 |    69 |    92 ||   318
